 Dungeon Crawl Stone Soup version 0.17.0-28-g6e173f8 (webtiles) character file.

263 root the Firebug (level 5, -10/38 HPs)
             Began as a Draconian Fire Elementalist on Nov 30, 2015.
             Was a Follower of Qazlal.
             Mangled by an ogre
             ... wielding a +0 giant club
              (12 damage)
             ... on level 3 of the Dungeon.
             The game lasted 00:16:54 (3084 turns).

root the Firebug (Draconian Fire Elementalist)      Turns: 3084, Time: 00:16:55

Health: -10/38     AC:  5    Str: 11    XL:     5   Next: 98%
Magic:  0/10       EV: 13    Int: 16    God:    Qazlal [*.....]
Gold:   184        SH:  1    Dex: 16    Spells: 3 memorised, 2 levels left

rFire  . . .     SeeInvis .     (no weapon)
rCold  . . .     Clarity  .     (armour unavailable)
rNeg   . . .     SustAt   .     (no shield)
rPois  .         Gourm    .     (helmet restricted)
rElec  .         Spirit   +     (no cloak)
rCorr  .         Warding  .     (no gloves)
rMut   .         Stasis   .     (no boots)
MR     .....                    h - amulet of guardian spirit
Stlth  ++........               (no ring)
                                e - +5 ring of dexterity

@: very slightly contaminated, not resistant to hostile enchantments, unstealthy
A: unfitting armour, cold-blooded, AC +5
a: Renounce Religion


You were on level 3 of the Dungeon.
You worshipped Qazlal.
Qazlal was aware of your devotion.
You were hungry.

You visited 1 branch of the dungeon, and saw 4 of its levels.

You collected 184 gold pieces.

Inventory:

Hand Weapons
 v - a +2 dagger of holy wrath
 w - a +0 blowgun
Missiles
 i - 39 poisoned needles
Jewellery
 e - a +5 ring of dexterity (left hand)
 h - an amulet of guardian spirit (around neck)
 p - an uncursed ring of teleportation
 q - an uncursed ring of ice
 y - an uncursed ring of protection from fire {unknown}
Scrolls
 d - a scroll of teleportation
 j - 2 scrolls of remove curse
 k - 2 scrolls of enchant armour {unknown}
 r - a scroll of magic mapping {unknown}
 s - 2 scrolls of identify {unknown}
 t - a scroll of fog {unknown}
 u - 3 scrolls of noise {unknown}
 x - a scroll of recharging {unknown}
 A - a scroll of blinking {unknown}
 D - a scroll of immolation {unknown}
Potions
 c - a potion of haste {unknown}
 l - a potion of agility {unknown}
 o - a potion of resistance {unknown}
 B - a potion of flight {unknown}
 C - a potion of cancellation {unknown}
Books
 a - a book of Flames

   Spells                             Type                      Level
   a - Flame Tongue                   Conjuration/Fire             1
   b - Throw Flame                    Conjuration/Fire             2
   c - Conjure Flame                  Conjuration/Fire             3
   d - Inner Flame                    Hexes/Fire                   3
   e - Sticky Flame                   Conjuration/Fire             4
   f - Fireball                       Conjuration/Fire             5
Comestibles
 b - 5 bread rations
 f - a royal jelly
 g - 2 meat rations
 m - a slice of pizza
 z - a beef jerky


   Skills:
 + Level 3.0 Dodging
 - Level 1.7 Stealth
 + Level 3.3 Spellcasting
 + Level 2.9 Conjurations
 + Level 4.4 Fire Magic


You had 2 spell levels left.
You knew the following spells:

 Your Spells              Type           Power        Failure   Level  Hunger
a - Flame Tongue          Conj/Fire      ##...        4%          1    None
b - Conjure Flame         Conj/Fire      ##......     12%         3    ###....
c - Sticky Flame          Conj/Fire      ##......     38%         4    ####...


Dungeon Overview and Level Annotations

Branches:
Dungeon (4/15)
 Temple: D:4-7

Altars:
Nemelex Xobeh
Qazlal

Annotations:
D:3 1 exclusion


Innate Abilities, Weirdness & Mutations

Your plain brown scales are hard (AC +5).
Your body does not fit into most forms of armour.
You are cold-blooded and may be slowed by cold attacks.


Message History

The ogre is severely wounded.
Casting: Flame Tongue
Confirm with . or Enter, or press ? or * to list all spells.
Aiming: Flame Tongue
Press: ? - help, Shift-Dir - straight line, f/p - ogre
Aim: an ogre, wielding a giant club (severely wounded)
You miscast Flame Tongue.
You smell smoke.
The ogre hits you with a giant club!!
Ouch! That really hurt!
There is a stone staircase leading up here.
The ogre hits you with a giant club!
* * * LOW HITPOINT WARNING * * *
You climb upwards.
Level annotation: 1 exclusion
There is a stone staircase leading down here.
Unknown command.
You hit the ogre.
The ogre is almost dead.
The ogre hits you with a giant club!
You die...

..........###.##.##.###.#........
..######### #.##.##.# #.'<.......
.....# #.##.##.#####........
..##.###### #..#.#.....##........
<.#.......# ##.#.#####.##........
..#.......# #.#.#.....##........
<.#.......# #...#.########'#####
..#.......# ##..#..........#
..........# #O@############
#.........# #### #.........#
#.........# ..........#
#.#.......# ..........#
..##'##'### .###.##.#


You could see an ogre.

Vanquished Creatures
  Blork the orc (D:4)
  An orc priest (D:3)
  A worker ant (D:4)
  An iguana (D:4)
  6 adders
  An ooze (D:2)
  A worm (D:2)
  An orc (D:3)
  7 bats
  3 hobgoblins
  5 kobolds
  3 quokkas
  3 giant cockroaches
  A giant cockroach zombie (D:3)
  2 giant geckos
  4 giant newts
  9 goblins
  8 rats
  A fungus (D:3)
59 creatures vanquished.

Notes
Turn   | Place    | Note
--------------------------------------------------------------
     0 | D:1      | root the Draconian Fire Elementalist began the quest for the Orb.
     0 | D:1      | Reached XP level 1. HP: 14/14 MP: 3/3
    10 | D:1      | Noticed a giant frog
   311 | D:1      | Reached XP level 2. HP: 20/20 MP: 3/5
   866 | D:2      | Found a stormy altar of Qazlal.
   875 | D:2      | Became a worshipper of Qazlal Stormbringer
   891 | D:2      | Reached XP level 3. HP: 23/26 MP: 1/6
  1340 | D:2      | Found a sparkling altar of Nemelex Xobeh.
  1866 | D:3      | Learned a level 3 spell: Conjure Flame
  1985 | D:3      | Reached XP level 4. HP: 29/33 MP: 1/8
  2188 | D:3      | Reached * piety under Qazlal
  2638 | D:3      | Reached skill level 4 in Fire Magic
  2750 | D:4      | Reached XP level 5. HP: 33/38 MP: 3/9
  2812 | D:4      | Learned a level 4 spell: Sticky Flame
  2846 | D:4      | Noticed Blork the orc
  2854 | D:4      | Killed Blork the orc
  2998 | D:4      | Noticed an ogre
  3084 | D:3      | Mangled by an ogre

Action                   |  1- 3 |  4- 6 || total
-------------------------+-------+-------++-------
Melee: Unarmed           |    14 |    35 ||    49
 Cast: Flame Tongue      |    57 |    48 ||   105
       Conjure Flame     |     1 |     2 ||     3
  Use: Scroll            |     2 |       ||     2
  Eat: Chunk             |     3 |     4 ||     7
